Flyers vs Red Wings
Created - 15 avril 2013 at 19:49
Goals
|
| Flyers |
1 |
1 |
1 |
3 |
| Red Wings |
0 |
0 |
1 |
1 |
|
Shots
|
| Flyers |
15 |
10 |
7 |
32 |
| Red Wings |
7 |
4 |
9 |
20 |
|
1st period
1. Flyers , Andrei Kostitsyn 24 (Erik Cole) at 1:44
Penalties :
Christian Laflamme (Det) for Holding (Minor) at 11:16
2nd period
2. Flyers , Marc Savard 36 (Miroslav Satan, Andrei Kostitsyn) at 11:17
Penalties :
Alex Picard (Det) for Unsportsmanlike conduct (Major / Game Misconduct) at 13:30, Zigmund Palffy (Phi) for Roughing (Minor) at 18:53
3rd period
3. Flyers , Martin St. Louis 18 (Brooks Orpik, Erik Cole) at 12:15 (PP)
4. Red Wings , Jan Bulis 18 (Donald Brashear, Maxim Kondratiev) at 16:13
Penalties :
Lubos Bartecko (Det) for Cross-checking (Minor) at 4:32, Brian Sutherby (Det) for Interference (Minor) at 9:11, Jarome Iginla (Det) for Tripping (Minor) at 12:03, Jarome Iginla (Det) for Hooking (Minor) at 16:57
Goalie Stats
Chris Mason (Phi), 19 saves from 20 shots - (0,950), W, 18-18-6, 60:00 minutes
Jonathan Quick (Det), 29 saves from 32 shots - (0,906), L, 23-20-5, 60:00 minutes
Players Stats for Flyers
Player Name G A P +/- PIM S H SB GA TA FO MP PP MP PK MP
------------------------------------------------------------------------------------
Andrei Kostitsyn 1 1 2 1 0 5 1 0 0 0 0/0 18:20 5:26 0:37
Blair Betts 0 0 0 0 0 0 1 0 0 0 2/3 10:14 1:30 0:06
Brooks Orpik 0 1 1 1 0 2 3 1 1 0 0/0 25:37 6:57 0:55
David Moss 0 0 0 0 0 0 0 0 1 0 0/1 9:57 1:40 0:00
Erik Cole 0 2 2 0 0 1 0 0 1 0 2/4 21:28 6:01 1:22
Frantisek Kaberle 0 0 0 1 0 2 3 0 0 0 0/0 25:37 6:57 0:55
Jeff O'Neill 0 0 0 0 0 3 0 0 0 0 4/6 10:35 0:00 0:27
Justin Williams 0 0 0 0 0 1 0 0 0 0 1/1 10:06 1:31 0:00
Marc Savard 1 0 1 1 0 3 2 2 0 1 12/16 17:41 5:29 0:00
Marcel Hossa 0 0 0 0 0 1 1 0 1 0 1/1 10:07 0:00 0:00
Martin St. Louis 1 0 1 0 0 3 0 0 2 2 0/1 20:06 6:07 0:00
Martin Straka 0 0 0 0 0 3 1 1 0 1 10/21 21:38 6:08 1:26
Mike Lundin 0 0 0 0 0 2 0 0 0 0 0/0 10:37 0:43 0:00
Miroslav Satan 0 1 1 1 0 3 1 0 0 0 1/2 17:33 5:29 0:00
Nolan Pratt 0 0 0 0 0 1 1 0 0 0 0/0 11:50 0:43 1:04
Ossi Vaananen 0 0 0 0 0 0 0 4 0 0 0/0 23:46 5:27 1:04
Scott Hannan 0 0 0 0 0 2 5 2 0 1 0/0 22:33 5:27 0:00
Zigmund Palffy 0 0 0 0 2 0 1 0 0 1 0/0 10:15 0:00 0:00
Players Stats for Red Wings
Player Name G A P +/- PIM S H SB GA TA FO MP PP MP PK MP
------------------------------------------------------------------------------------
Alex Picard 0 0 0 0 15 0 0 0 0 0 0/0 5:38 0:00 0:44
Brian Sutherby 0 0 0 0 2 2 3 0 0 0 0/1 11:26 0:00 4:12
Christian Backman 0 0 0 0 0 1 1 4 0 0 0/0 21:35 0:14 6:45
Christian Laflamme 0 0 0 -1 2 0 1 0 0 0 0/0 21:30 1:31 4:22
Donald Brashear 0 1 1 -1 0 2 3 0 0 0 0/1 14:51 0:00 2:50
Jan Bulis 1 0 1 -1 0 3 0 0 1 0 6/13 15:28 0:00 3:35
Jarome Iginla 0 0 0 0 4 3 2 0 2 1 0/0 21:32 1:05 4:50
Jason Spezza 0 0 0 0 0 3 2 0 0 0 14/28 22:24 1:05 6:07
Kim Johnsson 0 0 0 0 0 0 1 0 0 1 0/0 4:42 0:00 0:00
Lubos Bartecko 0 0 0 -1 2 0 2 0 0 1 0/0 11:10 0:00 0:00
Mathieu Dandenault 0 0 0 0 0 0 0 1 0 0 1/1 5:48 0:00 0:00
Maxim Kondratiev 0 1 1 0 0 0 1 1 1 0 0/0 22:24 0:14 4:27
Mike Richards 0 0 0 0 0 1 1 0 0 0 2/10 13:35 0:54 0:00
Nathan Horton 0 0 0 0 0 1 2 0 0 0 0/0 13:03 0:54 0:00
Paul Martin 0 0 0 -1 0 0 3 2 1 1 0/0 21:35 1:45 3:02
Sean Bergenheim 0 0 0 0 0 0 1 0 1 0 0/1 13:51 0:54 0:40
Shea Weber 0 0 0 0 0 2 5 0 0 1 0/0 26:15 0:14 7:38
Simon Gagné 0 0 0 0 0 2 6 0 0 1 0/1 20:00 1:05 3:16
3 Stars
1 - Andrei Kostitsyn (Phi)
2 - Marc Savard (Phi)
3 - Chris Mason (Phi)
Power Play
Flyers - 1 on 6 Attempt(s) - 16,67%
Red Wings - 0 on 1 Attempt(s) - 0,00%
Penalty Kill
Flyers - 1 on 1 Attempt(s) - 100,00%
- Score 0 goal in Penalty Kill
Red Wings - 5 on 6 Attempt(s) - 83,33%
- Score 0 goal in Penalty Kill
Official
Referees : Watson Brad and Fraser Kerry
Linesman : Greg Devorski and Brad Kovachik
Game Notes
Kim Johnsson is injured at 9:09 of 1st period (Left Knee)
Alex Picard ejected from game at 13:30 of 2nd period
Finance
Level 1 -- Attendance: 4602 (76,70%) -- Ticket Income 427 986 $
Level 2 -- Attendance: 4689 (93,78%) -- Ticket Income 248 517 $
Level 3 -- Attendance: 1715 (85,75%) -- Ticket Income 51 450 $
Level 4 -- Attendance: 2839 (70,98%) -- Ticket Income 56 780 $
Luxury Box -- Attendance: 923 (92,30%) -- Ticket Income 152 295 $
Game was played at the Joe Louis Arena
Total Attendance: 14768 (82,04%)
Total Ticket Income: 937 028 $
Total Income: 937 028 $
Flyers
5 vs 5 Forward
Center Left Wing Right Wing Time % Phy DF OF
1 Martin Straka Erik Cole Martin St. Louis 40 1 2 2
2 Marc Savard Andrei Kostitsyn Miroslav Satan 30 1 2 2
3 Jeff O'Neill Marcel Hossa Zigmund Palffy 20 1 2 2
4 Blair Betts David Moss Justin Williams 10 1 2 2
5 vs 5 Defense
Defense Defense Time % Phy DF OF
1 Frantisek Kaberle Brooks Orpik 40 1 2 2
2 Ossi Vaananen Scott Hannan 40 1 2 2
3 Mike Lundin Nolan Pratt 10 1 2 2
4 Frantisek Kaberle Brooks Orpik 10 1 2 2
PowerPlay Forward
Center Left Wing Right Wing Time % Phy DF OF
1 Martin Straka Erik Cole Martin St. Louis 60 1 2 2
2 Marc Savard Andrei Kostitsyn Miroslav Satan 40 1 2 2
PowerPlay Defense
Defense Defense Time % Phy DF OF
1 Frantisek Kaberle Brooks Orpik 60 1 2 2
2 Ossi Vaananen Scott Hannan 40 1 2 2
Penalty Kill 4 Players Forward
Center Wing Time % Phy DF OF
1 Martin Straka Erik Cole 60 1 2 2
2 Jeff O'Neill Zigmund Palffy 40 1 2 2
Penalty Kill 4 Players Defense
Defense Defense Time % Phy DF OF
1 Frantisek Kaberle Brooks Orpik 60 1 2 2
2 Nolan Pratt Ossi Vaananen 40 1 2 2
Penalty Kill - 3 Players Forward
Forward Time % Phy DF OF
1 Martin Straka 60 1 2 2
2 Jeff O'Neill 40 1 2 2
Penalty Kill - 3 Players Defense
Defense Defense Time % Phy DF OF
1 Frantisek Kaberle Brooks Orpik 60 1 2 2
2 Nolan Pratt Ossi Vaananen 40 1 2 2
4 vs 4 Forward
Center Wing Time % Phy DF OF
1 Martin Straka Erik Cole 60 1 2 2
2 Marc Savard Miroslav Satan 40 1 2 2
4 vs 4 Defense
Defense Defense Time % Phy DF OF
1 Frantisek Kaberle Brooks Orpik 60 1 2 2
2 Nolan Pratt Ossi Vaananen 40 1 2 2
Last Minutes Offensive
Center Left Wing Right Wing Defense Defense
Martin Straka Erik Cole Martin St. Louis Frantisek Kaberle Ossi Vaananen
Last Minutes Defensive
Center Left Wing Right Wing Defense Defense
Martin Straka Erik Cole Martin St. Louis Frantisek Kaberle Ossi Vaananen
Goaltenders
Starting : Chris Mason
Backup : Ray Emery
Extra Forwards
Normal : Martin Straka, Martin St. Louis, Marc Savard - PP : Martin St. Louis, Marc Savard - PK : Erik Cole
Extra Defensemen
Normal : Frantisek Kaberle, Ossi Vaananen, Brooks Orpik - PP : Frantisek Kaberle - PK : Frantisek Kaberle, Ossi Vaananen
Penalty Shots
Martin Straka, Martin St. Louis, Marc Savard, Jeff O'Neill, Miroslav Satan
Red Wings
5 vs 5 Forward
Center Left Wing Right Wing Time % Phy DF OF
1 Jason Spezza Simon Gagné Jarome Iginla 40 1 2 2
2 Jan Bulis Donald Brashear Lubos Bartecko 28 1 2 2
3 Mike Richards Sean Bergenheim Nathan Horton 28 1 2 2
4 Brian Sutherby Alex Picard Mathieu Dandenault 4 1 3 1
5 vs 5 Defense
Defense Defense Time % Phy DF OF
1 Kim Johnsson Shea Weber 40 1 2 2
2 Paul Martin Maxim Kondratiev 30 1 2 2
3 Christian Backman Christian Laflamme 20 0 3 2
4 Kim Johnsson Shea Weber 10 1 2 2
PowerPlay Forward
Center Left Wing Right Wing Time % Phy DF OF
1 Jason Spezza Simon Gagné Jarome Iginla 60 0 1 4
2 Mike Richards Sean Bergenheim Nathan Horton 40 0 1 4
PowerPlay Defense
Defense Defense Time % Phy DF OF
1 Kim Johnsson Paul Martin 60 0 2 3
2 Shea Weber Maxim Kondratiev 40 0 2 3
Penalty Kill 4 Players Forward
Center Wing Time % Phy DF OF
1 Jason Spezza Jarome Iginla 60 0 3 2
2 Jan Bulis Simon Gagné 40 0 3 2
Penalty Kill 4 Players Defense
Defense Defense Time % Phy DF OF
1 Kim Johnsson Shea Weber 60 0 3 2
2 Christian Laflamme Maxim Kondratiev 40 0 3 2
Penalty Kill - 3 Players Forward
Forward Time % Phy DF OF
1 Jason Spezza 60 1 3 1
2 Jan Bulis 40 1 3 1
Penalty Kill - 3 Players Defense
Defense Defense Time % Phy DF OF
1 Kim Johnsson Shea Weber 60 1 3 1
2 Christian Laflamme Maxim Kondratiev 40 1 3 1
4 vs 4 Forward
Center Wing Time % Phy DF OF
1 Jason Spezza Jarome Iginla 60 0 2 3
2 Jan Bulis Simon Gagné 40 0 2 3
4 vs 4 Defense
Defense Defense Time % Phy DF OF
1 Kim Johnsson Shea Weber 60 0 2 3
2 Paul Martin Maxim Kondratiev 40 0 2 3
Last Minutes Offensive
Center Left Wing Right Wing Defense Defense
Jason Spezza Simon Gagné Jarome Iginla Kim Johnsson Shea Weber
Last Minutes Defensive
Center Left Wing Right Wing Defense Defense
Jason Spezza Simon Gagné Jarome Iginla Kim Johnsson Shea Weber
Goaltenders
Starting : Jonathan Quick
Backup : Mike Smith
Extra Forwards
Normal : Mike Richards, Brian Sutherby, Nathan Horton - PP : Mike Richards, Brian Sutherby - PK : Brian Sutherby
Extra Defensemen
Normal : Christian Laflamme, Christian Backman, Paul Martin - PP : Christian Laflamme - PK : Christian Backman, Paul Martin
Penalty Shots
Simon Gagné, Jarome Iginla, Nathan Horton, Jason Spezza, Mike Richards
% Time on Ice - Flyers
Lines # - Real PCT - Wanted PCT - Time Play
Normal Forward
1 - 33% - 40% - 15:01
2 - 27% - 30% - 12:04
3 - 23% - 20% - 10:07
4 - 17% - 10% - 7:42
Normal Defense
1 - 37% - 40% - 16:33
2 - 38% - 40% - 17:15
3 - 21% - 10% - 9:37
4 - 3% - 10% - 1:29
PP Forward
1 - 58% - 60% - 7:38
2 - 42% - 40% - 5:29
PP Defense
1 - 58% - 60% - 7:40
2 - 42% - 40% - 5:27
PK Forward
1 - 77% - 60% - 1:32
2 - 23% - 40% - 0:27
PK Defense
1 - 46% - 60% - 0:55
2 - 54% - 40% - 1:04
PK3 Forward
1 - 0% - 60%
2 - 0% - 40%
PK3 Defense
1 - 0% - 60%
2 - 0% - 40%
44 Forward
1 - 0% - 60%
2 - 0% - 40%
44 Defense
1 - 0% - 60%
2 - 0% - 40%
Last Minute Offensive - 0:00
Last Minute Defensive - 0:00
Total
Forward - 60:00
Defense - 60:00
|
% Time on Ice - Red Wings
Lines # - Real PCT - Wanted PCT - Time Play
Normal Forward
1 - 37% - 40% - 16:30
2 - 25% - 28% - 11:10
3 - 25% - 28% - 11:26
4 - 13% - 4% - 5:48
Normal Defense
1 - 44% - 40% - 19:38
2 - 33% - 30% - 14:37
3 - 17% - 20% - 7:27
4 - 7% - 10% - 3:12
PP Forward
1 - 55% - 60% - 1:05
2 - 45% - 40% - 0:54
PP Defense
1 - 88% - 60% - 1:45
2 - 12% - 40% - 0:14
PK Forward
1 - 75% - 60% - 9:51
2 - 25% - 40% - 3:16
PK Defense
1 - 67% - 60% - 8:50
2 - 33% - 40% - 4:17
PK3 Forward
1 - 0% - 60%
2 - 0% - 40%
PK3 Defense
1 - 0% - 60%
2 - 0% - 40%
44 Forward
1 - 0% - 60%
2 - 0% - 40%
44 Defense
1 - 0% - 60%
2 - 0% - 40%
Last Minute Offensive - 0:00
Last Minute Defensive - 0:00
Total
Forward - 60:00
Defense - 60:00
|
Play by Play
1st period
0:01 of 1st period - Erik Cole wins face-off versus Jason Spezza in neutral zone.
0:33 of 1st period - Snap shot by Andrei Kostitsyn.
0:33 of 1st period - Deflect By Miroslav Satan.
0:33 of 1st period - Stopped by Jonathan Quick with a rebound.
0:53 of 1st period - Snap shot by Sean Bergenheim.
0:53 of 1st period - Deflect By Nathan Horton.
0:53 of 1st period - Stopped by Chris Mason without a rebound.
0:54 of 1st period - Blair Betts wins face-off versus Mike Richards in Flyers zone.
0:59 of 1st period - Backhand shot by Justin Williams.
0:59 of 1st period - Shot Misses the Net.
1:19 of 1st period - Ossi Vaananen is hit by Paul Martin and loses puck.
1:44 of 1st period - Snap shot by Andrei Kostitsyn.
1:44 of 1st period - Goal by Andrei Kostitsyn - Flyers : 1 - Red Wings : 0.
1:45 of 1st period - Jeff O'Neill wins face-off versus Brian Sutherby in neutral zone.
1:48 of 1st period - Wrist shot by Jeff O'Neill.
1:48 of 1st period - Stopped by Jonathan Quick without a rebound.
1:49 of 1st period - Mathieu Dandenault wins face-off versus Jeff O'Neill in Red Wings zone.
2:55 of 1st period - Icing by Frantisek Kaberle.
2:56 of 1st period - Blair Betts wins face-off versus Mike Richards in Flyers zone.
2:56 of 1st period - Blair Betts is hit by Nathan Horton.
3:30 of 1st period - Backhand shot by Andrei Kostitsyn.
3:30 of 1st period - Shot Misses the Net.
4:10 of 1st period - Snap shot by Jeff O'Neill.
4:10 of 1st period - Stopped by Jonathan Quick with a rebound.
4:12 of 1st period - Snap shot by Zigmund Palffy.
4:12 of 1st period - Deflect By Jeff O'Neill.
4:12 of 1st period - Shot Misses the Net.
4:12 of 1st period - Puck is out of play.
4:13 of 1st period - Jason Spezza wins face-off versus Marc Savard in Red Wings zone.
4:26 of 1st period - Wrist shot by Jason Spezza.
4:26 of 1st period - Stopped by Chris Mason without a rebound.
4:27 of 1st period - Martin Straka wins face-off versus Mike Richards in Flyers zone.
4:27 of 1st period - Martin Straka is hit by Kim Johnsson.
4:39 of 1st period - Snap shot by Martin Straka.
4:39 of 1st period - Stopped by Jonathan Quick without a rebound.
4:40 of 1st period - Martin Straka wins face-off versus Jason Spezza in Red Wings zone.
4:53 of 1st period - Snap shot by Jarome Iginla.
4:53 of 1st period - Deflect By Simon Gagné.
4:53 of 1st period - Shot Hit the Post.
4:53 of 1st period - Puck is out of play.
4:54 of 1st period - Marc Savard wins face-off versus Jan Bulis in Flyers zone.
4:54 of 1st period - Marc Savard is hit by Donald Brashear.
5:02 of 1st period - Donald Brashear is hit by Scott Hannan and loses puck.
5:48 of 1st period - Snap shot by Jason Spezza.
5:48 of 1st period - Stopped by Chris Mason without a rebound.
5:49 of 1st period - Jan Bulis wins face-off versus Marc Savard in Flyers zone.
7:19 of 1st period - Snap shot by Jan Bulis.
7:19 of 1st period - Shot Blocked by Ossi Vaananen.
7:21 of 1st period - Slapshot by Maxim Kondratiev.
7:21 of 1st period - Shot Blocked by Marc Savard.
7:23 of 1st period - Slapshot by Maxim Kondratiev.
7:23 of 1st period - Shot Blocked by Ossi Vaananen.
7:25 of 1st period - Slapshot by Paul Martin.
7:25 of 1st period - Deflect By Donald Brashear.
7:25 of 1st period - Shot Misses the Net.
7:25 of 1st period - Puck is out of play.
7:26 of 1st period - Jan Bulis wins face-off versus Martin Straka in Flyers zone.
7:29 of 1st period - Snap shot by Donald Brashear.
7:29 of 1st period - Stopped by Chris Mason with a rebound.
7:31 of 1st period - Slapshot by Kim Johnsson.
7:31 of 1st period - Deflect By Jan Bulis.
7:31 of 1st period - Deflect By Scott Hannan.
7:31 of 1st period - Stopped by Chris Mason without a rebound.
7:32 of 1st period - Jason Spezza wins face-off versus Martin Straka in Flyers zone.
7:37 of 1st period - Wrist shot by Jason Spezza.
7:37 of 1st period - Shot Misses the Net.
7:39 of 1st period - Wrist shot by Simon Gagné.
7:39 of 1st period - Stopped by Chris Mason with a rebound.
7:41 of 1st period - Wrist shot by Simon Gagné.
7:41 of 1st period - Deflect By Jarome Iginla.
7:41 of 1st period - Shot Blocked by Ossi Vaananen.
7:41 of 1st period - Puck is out of play.
7:42 of 1st period - Jason Spezza wins face-off versus Martin Straka in Flyers zone.
7:43 of 1st period - Wrist shot by Jarome Iginla.
7:43 of 1st period - Stopped by Chris Mason with a rebound.
8:23 of 1st period - Maxim Kondratiev is hit by Brooks Orpik and loses puck.
8:43 of 1st period - Off-side.
8:44 of 1st period - Marc Savard wins face-off versus Mike Richards in neutral zone.
8:47 of 1st period - Mike Richards is hit by Andrei Kostitsyn and loses puck.
9:08 of 1st period - Kim Johnsson is hit by Scott Hannan.
9:09 of 1st period - Kim Johnsson from Red Wings is injured at 9:09 of 1st period (Left Knee).
9:10 of 1st period - Marcel Hossa wins face-off versus Jan Bulis in Red Wings zone.
9:11 of 1st period - Wrist shot by Jeff O'Neill.
9:11 of 1st period - Shot Misses the Net.
9:13 of 1st period - Slapshot by Marcel Hossa.
9:13 of 1st period - Shot Misses the Net.
9:15 of 1st period - Wrist shot by Brooks Orpik.
9:15 of 1st period - Stopped by Jonathan Quick with a rebound.
9:25 of 1st period - Snap shot by Jeff O'Neill.
9:25 of 1st period - Stopped by Jonathan Quick with a rebound.
9:39 of 1st period - Snap shot by Martin Straka.
9:39 of 1st period - Stopped by Jonathan Quick without a rebound.
9:40 of 1st period - Erik Cole wins face-off versus Mike Richards in Red Wings zone.
9:55 of 1st period - Slapshot by Sean Bergenheim.
9:55 of 1st period - Shot Misses the Net.
10:25 of 1st period - Wrist shot by Martin Straka.
10:25 of 1st period - Stopped by Jonathan Quick with a rebound.
10:27 of 1st period - Snap shot by Scott Hannan.
10:27 of 1st period - Stopped by Jonathan Quick with a rebound.
10:29 of 1st period - Wrist shot by Erik Cole.
10:29 of 1st period - Shot Misses the Net.
10:31 of 1st period - Wrist shot by Martin St. Louis.
10:31 of 1st period - Shot Blocked by Paul Martin.
10:47 of 1st period - Wrist shot by Martin St. Louis.
10:47 of 1st period - Stopped by Jonathan Quick with a rebound.
10:49 of 1st period - Snap shot by Erik Cole.
10:49 of 1st period - Stopped by Jonathan Quick with a rebound.
10:57 of 1st period - Wrist shot by Martin St. Louis.
10:57 of 1st period - Shot Misses the Net.
10:59 of 1st period - Slapshot by Martin Straka.
10:59 of 1st period - Shot Blocked by Paul Martin.
11:01 of 1st period - Wrist shot by Martin St. Louis.
11:01 of 1st period - Deflect By Martin Straka.
11:01 of 1st period - Shot Misses the Net.
11:01 of 1st period - Puck is out of play.
11:02 of 1st period - Marc Savard wins face-off versus Donald Brashear in Red Wings zone.
11:16 of 1st period - Minor Penalty to Christian Laflamme for Holding.
11:17 of 1st period - Jason Spezza wins face-off versus Miroslav Satan in Red Wings zone.
11:42 of 1st period - Shea Weber is hit by Frantisek Kaberle and loses puck.
11:59 of 1st period - Wrist shot by Simon Gagné.
11:59 of 1st period - Shot Blocked by Ossi Vaananen.
13:04 of 1st period - David Moss is hit by Brian Sutherby and loses puck.
13:11 of 1st period - Shea Weber is hit by Scott Hannan and loses puck.
13:16 of 1st period - Penalty to Christian Laflamme is over, Christian Laflamme is back on ice.
13:27 of 1st period - Christian Laflamme is hit by Marcel Hossa and loses puck.
14:20 of 1st period - Andrei Kostitsyn is hit by Jarome Iginla and loses puck.
14:58 of 1st period - Nolan Pratt is hit by Shea Weber and loses puck.
15:55 of 1st period - Sean Bergenheim is hit by Marc Savard and loses puck.
16:06 of 1st period - Ossi Vaananen is hit by Simon Gagné and loses puck.
16:28 of 1st period - Jan Bulis is hit by Brooks Orpik and loses puck.
16:44 of 1st period - Christian Backman is hit by Frantisek Kaberle and loses puck.
17:27 of 1st period - Nolan Pratt is hit by Jason Spezza and loses puck.
18:08 of 1st period - Brooks Orpik is hit by Simon Gagné and loses puck.
19:39 of 1st period - Wrist shot by Justin Williams.
19:39 of 1st period - Stopped by Jonathan Quick without a rebound.
19:40 of 1st period - Jan Bulis wins face-off versus David Moss in Red Wings zone.
19:53 of 1st period - Snap shot by Blair Betts.
19:53 of 1st period - Shot Misses the Net.
19:55 of 1st period - Slapshot by Nolan Pratt.
19:55 of 1st period - Stopped by Jonathan Quick without a rebound.
19:56 of 1st period - Marc Savard wins face-off versus Jason Spezza in Red Wings zone.
19:57 of 1st period - Wrist shot by Miroslav Satan.
19:57 of 1st period - Stopped by Jonathan Quick with a rebound.
19:59 of 1st period - Slapshot by Ossi Vaananen.
19:59 of 1st period - Shot Blocked by Maxim Kondratiev.
2nd period
0:01 of 2nd period - Marc Savard wins face-off versus Jason Spezza in neutral zone.
0:05 of 2nd period - Icing by Christian Backman.
0:06 of 2nd period - Marc Savard wins face-off versus Jason Spezza in Red Wings zone.
0:11 of 2nd period - Snap shot by Andrei Kostitsyn.
0:11 of 2nd period - Deflect By Marc Savard.
0:11 of 2nd period - Shot Misses the Net.
0:11 of 2nd period - Puck is out of play.
0:12 of 2nd period - Mike Richards wins face-off versus Marc Savard in Red Wings zone.
0:18 of 2nd period - Icing by Paul Martin.
0:19 of 2nd period - Marc Savard wins face-off versus Mike Richards in Red Wings zone.
1:28 of 2nd period - Snap shot by Justin Williams.
1:28 of 2nd period - Shot Blocked by Mathieu Dandenault.
1:30 of 2nd period - Snap shot by David Moss.
1:30 of 2nd period - Shot Misses the Net.
1:32 of 2nd period - Slapshot by Scott Hannan.
1:32 of 2nd period - Shot Misses the Net.
2:15 of 2nd period - Nolan Pratt is hit by Jarome Iginla and loses puck.
2:45 of 2nd period - Lubos Bartecko is hit by Zigmund Palffy and loses puck.
3:27 of 2nd period - Mike Lundin is hit by Brian Sutherby and loses puck.
4:05 of 2nd period - Snap shot by Donald Brashear.
4:05 of 2nd period - Shot Blocked by Scott Hannan.
4:25 of 2nd period - Slapshot by Andrei Kostitsyn.
4:25 of 2nd period - Stopped by Jonathan Quick with a rebound.
4:27 of 2nd period - Snap shot by Andrei Kostitsyn.
4:27 of 2nd period - Stopped by Jonathan Quick without a rebound.
4:28 of 2nd period - Marc Savard wins face-off versus Jason Spezza in Red Wings zone.
4:49 of 2nd period - Slapshot by Frantisek Kaberle.
4:49 of 2nd period - Stopped by Jonathan Quick with a rebound.
5:00 of 2nd period - Wrist shot by Marc Savard.
5:00 of 2nd period - Stopped by Jonathan Quick with a rebound.
5:16 of 2nd period - Miroslav Satan is hit by Mike Richards and loses puck.
5:47 of 2nd period - Slapshot by Andrei Kostitsyn.
5:47 of 2nd period - Shot Misses the Net.
5:49 of 2nd period - Wrist shot by Marc Savard.
5:49 of 2nd period - Shot Blocked by Christian Backman.
5:51 of 2nd period - Slapshot by Miroslav Satan.
5:51 of 2nd period - Shot Misses the Net.
5:53 of 2nd period - Slapshot by Mike Lundin.
5:53 of 2nd period - Stopped by Jonathan Quick without a rebound.
5:54 of 2nd period - Martin Straka wins face-off versus Jason Spezza in Red Wings zone.
6:01 of 2nd period - Slapshot by Jason Spezza.
6:01 of 2nd period - Shot Blocked by Martin Straka.
6:03 of 2nd period - Slapshot by Maxim Kondratiev.
6:03 of 2nd period - Shot Blocked by Brooks Orpik.
7:28 of 2nd period - Wrist shot by Jason Spezza.
7:28 of 2nd period - Stopped by Chris Mason without a rebound.
7:29 of 2nd period - Justin Williams wins face-off versus Jan Bulis in Flyers zone.
7:29 of 2nd period - Justin Williams is hit by Lubos Bartecko.
7:35 of 2nd period - Slapshot by Scott Hannan.
7:35 of 2nd period - Stopped by Jonathan Quick without a rebound.
7:36 of 2nd period - Jan Bulis wins face-off versus Blair Betts in Red Wings zone.
8:12 of 2nd period - Ossi Vaananen is hit by Shea Weber and loses puck.
8:21 of 2nd period - Wrist shot by Jan Bulis.
8:21 of 2nd period - Shot Misses the Net.
8:23 of 2nd period - Slapshot by Shea Weber.
8:23 of 2nd period - Stopped by Chris Mason without a rebound.
8:24 of 2nd period - Martin Straka wins face-off versus Jason Spezza in Flyers zone.
8:35 of 2nd period - Slapshot by Martin Straka.
8:35 of 2nd period - Shot Misses the Net.
8:41 of 2nd period - Martin St. Louis is hit by Simon Gagné and loses puck.
8:52 of 2nd period - Sean Bergenheim is hit by Miroslav Satan and loses puck.
9:19 of 2nd period - Christian Backman is hit by Nolan Pratt and loses puck.
9:46 of 2nd period - Slapshot by Mike Lundin.
9:46 of 2nd period - Stopped by Jonathan Quick without a rebound.
9:47 of 2nd period - Jan Bulis wins face-off versus Marc Savard in Red Wings zone.
9:57 of 2nd period - Lubos Bartecko is hit by Marc Savard and loses puck.
10:55 of 2nd period - Snap shot by Brian Sutherby.
10:55 of 2nd period - Deflect By Alex Picard.
10:55 of 2nd period - Shot Misses the Net.
10:55 of 2nd period - Puck is out of play.
10:56 of 2nd period - Martin Straka wins face-off versus Jason Spezza in Flyers zone.
11:11 of 2nd period - Snap shot by Martin St. Louis.
11:11 of 2nd period - Stopped by Jonathan Quick without a rebound.
11:12 of 2nd period - Marc Savard wins face-off versus Jan Bulis in Red Wings zone.
11:17 of 2nd period - Wrist shot by Marc Savard.
11:17 of 2nd period - Goal by Marc Savard - Flyers : 2 - Red Wings : 0.
11:18 of 2nd period - Jason Spezza wins face-off versus Martin Straka in neutral zone.
11:20 of 2nd period - Off-side.
11:21 of 2nd period - Martin Straka wins face-off versus Jason Spezza in neutral zone.
11:36 of 2nd period - Wrist shot by Jarome Iginla.
11:36 of 2nd period - Stopped by Chris Mason without a rebound.
11:37 of 2nd period - Marc Savard wins face-off versus Jan Bulis in Flyers zone.
11:37 of 2nd period - Marc Savard is hit by Donald Brashear.
11:57 of 2nd period - Miroslav Satan is hit by Lubos Bartecko and loses puck.
12:40 of 2nd period - Frantisek Kaberle is hit by Simon Gagné and loses puck.
13:13 of 2nd period - Frantisek Kaberle is hit by Donald Brashear.
13:30 of 2nd period - Major / Game Misconduct Penalty to Alex Picard for Unsportsmanlike conduct.
13:30 of 2nd period - Alex Picard is ejected from game.
13:31 of 2nd period - Jason Spezza wins face-off versus Martin Straka in Red Wings zone.
14:27 of 2nd period - Frantisek Kaberle is hit by Shea Weber and loses puck.
14:40 of 2nd period - Miroslav Satan is hit by Paul Martin and loses puck.
14:45 of 2nd period - Slapshot by Simon Gagné.
14:45 of 2nd period - Stopped by Chris Mason without a rebound.
14:46 of 2nd period - Jason Spezza wins face-off versus Erik Cole in Flyers zone.
14:49 of 2nd period - Wrist shot by Jason Spezza.
14:49 of 2nd period - Shot Misses the Net.
16:02 of 2nd period - Slapshot by Jan Bulis.
16:02 of 2nd period - Shot Misses the Net.
16:14 of 2nd period - Scott Hannan is hit by Paul Martin and loses puck.
17:06 of 2nd period - Brian Sutherby is hit by Blair Betts and loses puck.
18:30 of 2nd period - Penalty to Alex Picard is over, Lubos Bartecko is send on ice.
18:38 of 2nd period - Wrist shot by Sean Bergenheim.
18:38 of 2nd period - Shot Misses the Net.
18:46 of 2nd period - Snap shot by Marcel Hossa.
18:46 of 2nd period - Stopped by Jonathan Quick without a rebound.
18:47 of 2nd period - Mike Richards wins face-off versus Jeff O'Neill in Red Wings zone.
18:53 of 2nd period - Minor Penalty to Zigmund Palffy for Roughing.
18:54 of 2nd period - Martin Straka wins face-off versus Simon Gagné in Flyers zone.
19:03 of 2nd period - Brooks Orpik is hit by Simon Gagné.
19:09 of 2nd period - Snap shot by Erik Cole.
19:09 of 2nd period - Shot Misses the Net.
3rd period
0:01 of 3rd period - Jason Spezza wins face-off versus Martin Straka in neutral zone.
0:20 of 3rd period - Jarome Iginla is hit by Brooks Orpik and loses puck.
0:53 of 3rd period - Penalty to Zigmund Palffy is over, Zigmund Palffy is back on ice.
1:01 of 3rd period - Wrist shot by Donald Brashear.
1:01 of 3rd period - Stopped by Chris Mason without a rebound.
1:02 of 3rd period - Marc Savard wins face-off versus Jan Bulis in Flyers zone.
1:29 of 3rd period - Wrist shot by Jason Spezza.
1:29 of 3rd period - Shot Misses the Net.
1:31 of 3rd period - Slapshot by Simon Gagné.
1:31 of 3rd period - Shot Misses the Net.
2:11 of 3rd period - Snap shot by Andrei Kostitsyn.
2:11 of 3rd period - Stopped by Jonathan Quick with a rebound.
2:13 of 3rd period - Slapshot by Brooks Orpik.
2:13 of 3rd period - Stopped by Jonathan Quick with a rebound.
2:32 of 3rd period - Snap shot by Jarome Iginla.
2:32 of 3rd period - Stopped by Chris Mason with a rebound.
2:49 of 3rd period - Marcel Hossa is hit by Christian Backman and loses puck.
3:20 of 3rd period - Snap shot by Marc Savard.
3:20 of 3rd period - Shot Misses the Net.
3:31 of 3rd period - Icing by Nolan Pratt.
3:32 of 3rd period - Jason Spezza wins face-off versus Martin Straka in Flyers zone.
3:47 of 3rd period - Slapshot by Martin Straka.
3:47 of 3rd period - Shot Blocked by Christian Backman.
4:03 of 3rd period - Wrist shot by Nathan Horton.
4:03 of 3rd period - Deflect By Mike Richards.
4:03 of 3rd period - Stopped by Chris Mason with a rebound.
4:05 of 3rd period - Backhand shot by Mike Richards.
4:05 of 3rd period - Shot Blocked by Marc Savard.
4:07 of 3rd period - Slapshot by Christian Backman.
4:07 of 3rd period - Stopped by Chris Mason without a rebound.
4:08 of 3rd period - Martin Straka wins face-off versus Jason Spezza in Flyers zone.
4:19 of 3rd period - Slapshot by Shea Weber.
4:19 of 3rd period - Shot Blocked by Scott Hannan.
4:21 of 3rd period - Wrist shot by Jarome Iginla.
4:21 of 3rd period - Shot Misses the Net.
4:32 of 3rd period - Minor Penalty to Lubos Bartecko for Cross-checking.
4:33 of 3rd period - Martin Straka wins face-off versus Jason Spezza in Red Wings zone.
5:06 of 3rd period - Snap shot by Brooks Orpik.
5:06 of 3rd period - Shot Blocked by Christian Backman.
5:08 of 3rd period - Slapshot by Miroslav Satan.
5:08 of 3rd period - Stopped by Jonathan Quick with a rebound.
5:38 of 3rd period - Scott Hannan is hit by Christian Laflamme and loses puck.
6:32 of 3rd period - Penalty to Lubos Bartecko is over, Lubos Bartecko is back on ice.
6:38 of 3rd period - Snap shot by Justin Williams.
6:38 of 3rd period - Shot Misses the Net.
7:14 of 3rd period - Jarome Iginla is hit by Scott Hannan and loses puck.
7:47 of 3rd period - Marcel Hossa is hit by Nathan Horton.
8:27 of 3rd period - Andrei Kostitsyn is hit by Brian Sutherby and loses puck.
8:59 of 3rd period - Snap shot by Marc Savard.
8:59 of 3rd period - Shot Misses the Net.
9:11 of 3rd period - Minor Penalty to Brian Sutherby for Interference.
9:12 of 3rd period - Martin Straka wins face-off versus Jason Spezza in Red Wings zone.
9:40 of 3rd period - Off-side.
9:41 of 3rd period - Marc Savard wins face-off versus Jan Bulis in neutral zone.
9:48 of 3rd period - Snap shot by Andrei Kostitsyn.
9:48 of 3rd period - Stopped by Jonathan Quick without a rebound.
9:49 of 3rd period - Jason Spezza wins face-off versus Martin Straka in Red Wings zone.
11:09 of 3rd period - Icing by Brooks Orpik.
11:10 of 3rd period - Jan Bulis wins face-off versus Martin Straka in Flyers zone.
11:11 of 3rd period - Penalty to Brian Sutherby is over, Brian Sutherby is back on ice.
11:19 of 3rd period - Wrist shot by Jan Bulis.
11:19 of 3rd period - Stopped by Chris Mason with a rebound.
11:23 of 3rd period - Snap shot by Shea Weber.
11:23 of 3rd period - Stopped by Chris Mason with a rebound.
11:25 of 3rd period - Wrist shot by Jan Bulis.
11:25 of 3rd period - Shot Misses the Net.
11:27 of 3rd period - Backhand shot by Brian Sutherby.
11:27 of 3rd period - Stopped by Chris Mason without a rebound.
11:28 of 3rd period - Miroslav Satan wins face-off versus Mike Richards in Flyers zone.
11:53 of 3rd period - Marcel Hossa is hit by Jason Spezza and loses puck.
12:03 of 3rd period - Minor Penalty to Jarome Iginla for Tripping.
12:04 of 3rd period - Jason Spezza wins face-off versus Erik Cole in Red Wings zone.
12:15 of 3rd period - Snap shot by Martin St. Louis.
12:15 of 3rd period - Goal by Martin St. Louis - Flyers : 3 - Red Wings : 0.
12:16 of 3rd period - Jason Spezza wins face-off versus Martin Straka in neutral zone.
12:48 of 3rd period - Wrist shot by Marc Savard.
12:48 of 3rd period - Stopped by Jonathan Quick with a rebound.
12:50 of 3rd period - Slapshot by Frantisek Kaberle.
12:50 of 3rd period - Stopped by Jonathan Quick with a rebound.
13:01 of 3rd period - Icing by Brooks Orpik.
13:02 of 3rd period - Jeff O'Neill wins face-off versus Sean Bergenheim in Flyers zone.
13:13 of 3rd period - Slapshot by Jeff O'Neill.
13:13 of 3rd period - Shot Misses the Net.
13:27 of 3rd period - Jason Spezza is hit by Scott Hannan and loses puck.
13:58 of 3rd period - Snap shot by Brian Sutherby.
13:58 of 3rd period - Stopped by Chris Mason with a rebound.
14:12 of 3rd period - Ossi Vaananen is hit by Shea Weber and loses puck.
14:59 of 3rd period - Shea Weber is hit by Frantisek Kaberle and loses puck.
15:40 of 3rd period - Slapshot by Zigmund Palffy.
15:40 of 3rd period - Shot Blocked by Christian Backman.
16:13 of 3rd period - Wrist shot by Jan Bulis.
16:13 of 3rd period - Goal by Jan Bulis - Flyers : 3 - Red Wings : 1.
16:14 of 3rd period - Jeff O'Neill wins face-off versus Mike Richards in neutral zone.
16:23 of 3rd period - Ossi Vaananen is hit by Sean Bergenheim and loses puck.
16:40 of 3rd period - Scott Hannan is hit by Simon Gagné and loses puck.
16:47 of 3rd period - Wrist shot by Simon Gagné.
16:47 of 3rd period - Shot Misses the Net.
16:49 of 3rd period - Slapshot by Paul Martin.
16:49 of 3rd period - Deflect By Simon Gagné.
16:49 of 3rd period - Shot Misses the Net.
16:49 of 3rd period - Puck is out of play.
16:50 of 3rd period - Jeff O'Neill wins face-off versus Jason Spezza in Flyers zone.
16:50 of 3rd period - Jeff O'Neill is hit by Maxim Kondratiev.
16:57 of 3rd period - Minor Penalty to Jarome Iginla for Hooking.
16:58 of 3rd period - Jason Spezza wins face-off versus Martin St. Louis in Red Wings zone.
17:11 of 3rd period - Slapshot by Erik Cole.
17:11 of 3rd period - Deflect By Martin St. Louis.
17:11 of 3rd period - Shot Misses the Net.
17:11 of 3rd period - Puck is out of play.
17:12 of 3rd period - Jason Spezza wins face-off versus Martin Straka in Red Wings zone.
17:25 of 3rd period - Brian Sutherby is hit by Martin Straka and loses puck.
18:57 of 3rd period - Penalty to Jarome Iginla is over, Jarome Iginla is back on ice.
19:17 of 3rd period - Snap shot by Jan Bulis.
19:17 of 3rd period - Shot Misses the Net.
19:41 of 3rd period - Erik Cole is hit by Shea Weber and loses puck.
Output by the SimonT Hockey Simulator (STHS) for François Prévost -- Original Page W3C XHTML 1.0 Valid